 Dungeon Crawl Stone Soup version 0.18-a0-1186-gd02dc51 (webtiles) character file.

372012 Gorice the Tortoise (level 22, -16/187 (192) HPs)
             Began as a Ghoul Wanderer on Jan 24, 2016.
             Was the Champion of Okawaru.
             Killed from afar by an ancient lich (58 damage)
             ... with a crystal spear
             ... on level 3 of the Crypt on Jan 28, 2016.
             The game lasted 07:00:41 (59737 turns).

Gorice the Tortoise (Ghoul Wanderer)               Turns: 59737, Time: 07:00:41

HP:   -16/187 (192) AC: 41    Str: 29    XL:     22   Next: 69%
MP:   0/32          EV: 16    Int: 12    God:    Okawaru [******]
Gold: 3292          SH:  0    Dex:  8    Spells: 0 memorised, 21 levels left

rFire  + . .     SeeInvis +     a - +3 triple sword of Bile {speed, rC+ MR+ Stlth+}
rCold  + + +     Gourm    .     u - +9 gold dragon armour of Disguise {*Corrode rPois rF+ rC+ Str+9 Int+2 Dex-3}
rNeg   + + +     Faith    .     (shield currently unavailable)
rPois  ∞         Spirit   +     z - +0 helmet
rElec  .         Dismiss  .     p - +1 cloak {MR+}
rCorr  .         Reflect  .     C - +0 pair of gloves
SustAt .         Harm     .     j - +0 pair of boots {Stlth+}
MR     +++..                    t - amulet of guardian spirit
Stlth  ..........               v - ring of see invisible
                                E - +4 ring of evasion

@: about to teleport, heroism, rotting, extremely resistant to hostile
enchantments, extremely unstealthy
A: rotting body, claws 1, carnivore 3, cold resistance 1, negative energy
resistance 3, slow regeneration 1, torment resistance, unbreathing
a: Heroism, Finesse, Renounce Religion
}: 2/15 runes: decaying, gossamer


You were on level 3 of the Crypt.
You worshipped Okawaru.
Okawaru was exalted by your worship.
You were not hungry.

You visited 8 branches of the dungeon, and saw 41 of its levels.
You also visited: Ice Cave and Volcano.

You collected 4526 gold pieces.
You spent 1234 gold pieces at shops.

Inventory:

Hand Weapons
 a - the +3 triple sword of Bile (weapon) {speed, rC+ MR+ Stlth+}
   (Okawaru gifted it to you on level 4 of the Vaults)

   Attacks with this weapon are significantly faster.
   It protects you from cold.
   It affects your resistance to hostile enchantments.
   It makes you more stealthy.
 b - the +6 longbow of Premature Burial {venom, rPois MR++}
   (Okawaru gifted it to you on level 6 of the Lair of Beasts)

   It poisons the ammo it fires.
   It protects you from poison.
   It affects your resistance to hostile enchantments.
 i - the +1 longbow "Cuzuk" {flame, rElec SInv}
   (Okawaru gifted it to you on level 2 of the Lair of Beasts)

   It causes projectiles fired from it to burn those they strike, causing extra
   injury to most foes and up to half again as much damage against particularly
   susceptible opponents.
   It insulates you from electricity.
   It lets you see invisible.
 B - a +0 blowgun
Missiles
 l - 23 curare-tipped needles
 s - 22 arrows of flame
 w - 173 arrows
 X - 61 arrows of dispersal
Armour
 j - a +0 pair of boots of stealth (worn)
   (Okawaru gifted it to you on level 15 of the Dungeon)
 p - a +1 cloak of magic resistance (worn)
   (Okawaru gifted it to you on level 2 of the Spider Nest)
 u - the +9 gold dragon armour of Disguise (worn) {*Corrode rPois rF+ rC+ Str+9 Int+2 Dex-3}
   (You found it in an ice cave)

   It affects your strength (+9).
   It affects your intelligence (+2).
   It affects your dexterity (-3).
   It protects you from fire.
   It protects you from cold.
   It protects you from poison.
   It may corrode your equipment when you take damage.
 z - a +0 helmet (worn)
 C - a +0 pair of gloves (worn)
Rods
 I - a +2 rod of inaccuracy (14/14) {!a}
   (You found it on level 8 of the Lair of Beasts)
Jewellery
 t - an amulet of guardian spirit (around neck)
 v - a ring of see invisible (right hand)
 y - an uncursed ring of protection from cold
 E - a +4 ring of evasion (left hand)
 K - an uncursed ring of protection from magic
 Z - an uncursed ring of protection from magic
Wands
 e - a wand of heal wounds (4/9) {!d}
 k - a wand of paralysis (12/24)
 n - a wand of fire (2/15)
 A - a wand of digging (16/24)
 N - a wand of disintegration (9/24)
Scrolls
 c - 6 scrolls of fog
 f - 11 scrolls of teleportation {!r}
 g - 19 scrolls of remove curse
 r - 12 scrolls of blinking
 x - 16 scrolls of identify
 J - 3 scrolls of summoning {!r}
 O - 2 scrolls of silence {!r}
 Q - a scroll of enchant weapon
 T - a scroll of fear {!r}
 V - 4 scrolls of magic mapping {!r}
Potions
 d - 22 potions of curing
 h - 7 potions of might {!q}
 m - 6 potions of cancellation {!q}
 o - 3 potions of invisibility {!q}
 q - 8 potions of agility {!q}
 G - 4 potions of haste {!q}
 M - 4 potions of resistance {!q}
 W - 8 potions of heal wounds {!q}
Miscellaneous
 F - a box of beasts
 L - a lantern of shadows
Comestibles
 D - 23 meat rations {!e}
 H - 11 beef jerkies
 P - a royal jelly


   Skills:
 - Level 15.0(20.0) Fighting
 + Level 16.0(21.0) Long Blades
 - Level 15.0(20.0) Bows
   Level 1.7(6.7) Crossbows
 - Level 1.0(6.0) Throwing
 - Level 16.0(21.0) Armour
 + Level 14.2(19.2) Dodging
 - Level 1.1(6.1) Stealth
 - Level 8.0 Invocations
 - Level 15.0 Evocations


You had 21 spell levels left.
You didn't know any spells.

Dungeon Overview and Level Annotations

Branches:
Dungeon (15/15)            Temple (1/1) D:5            Lair (8/8) D:11
  Swamp (4/4) Lair:6       Spider (4/4) Lair:3        Slime (0/6) Lair:8
    Orc (2/2) D:11            Elf (0/3) Orc:2        Vaults (4/5) D:14
  Crypt (3/3) Vaults:3     Depths (0/5) D:15
   Tomb: Crypt:3

Altars:
Ashenzari
Cheibriados
Dithmenos
Elyvilon
Fedhas
Gozag
Kikubaaqudgha
Nemelex Xobeh
Okawaru
Pakellas
Qazlal
Ru
Sif Muna
Trog
Vehumet
Xom
Yredelemnul
Zin
The Shining One
Beogh

Shops:
D:4 =   D:5 ***:?   D:6 %   D:9 ?   Orc:2 *([:   Vaults:1 [   Vaults:2 }
Vaults:4 [(

Annotations:
D:10 vpUX: fire vault
Lair:7 exclusion: oklob plant
Spider:1 exclusion: Roxanne, Roxanne


Innate Abilities, Weirdness & Mutations

Your body is rotting away.
You thrive on raw meat.
You are immune to poison.
You have sharp fingernails.
You are carnivorous and can eat meat at any time.
Your flesh is cold resistant.
You are immune to negative energy.
You regenerate slowly when monsters are visible.
You are immune to unholy pain and torment.
You can survive without breathing.


Message History

The bolt of fire misses you.
Q - a scroll of enchant weapon You now have 3292 gold pieces (gained 15).
You see here an eveningstar of protection.
Unknown command.
You gain the combat prowess of a mighty hero.
You feel slightly more hungry. The ancient lich barely misses you.
You see here an arrow of flame.
You closely miss the ancient lich.
A golden dragon simulacrum comes into view.
You hit the ancient lich but do no damage.
The ancient lich gestures at you while chanting.
The iron shot hits you!
Damage: 78 (max 78)
You chop the ancient lich into pieces!!!
The ancient lich is moderately damaged.
The ancient lich misses you.
You closely miss the ancient lich.
The ancient lich is moderately damaged.
You hit the ancient lich but do no damage.
The ancient lich is moderately damaged.
The ancient lich touches you but does no damage.
Your gold dragon armour of Disguise prevents you from hitting the ancient lich.
The ancient lich is moderately damaged.
You hit the ancient lich but do no damage.
The ancient lich is moderately damaged.
The ancient lich casts a spell.
Your gold dragon armour of Disguise prevents you from hitting the ancient lich.
The ancient lich is moderately damaged.
The blizzard demon barely misses you.
The blizzard demon hits you but does no damage.
You see here an eveningstar of protection.
The ancient lich points at you and mumbles some strange words.
The crystal spear hits you!
* * * LOW HITPOINT WARNING * * *
There is a large open door, spattered with blood here.
Damage: 69 (max 78)
The blizzard demon gestures at you. The freezing blast engulfs you!
You are engulfed in freezing vapours.
You resist.
Eat which item? (? for menu, Esc to quit)
Okay, then.
Read which item? (? for menu, Esc to quit)
Really read
f - 12 scrolls of teleportation {!r}?
As you read the scroll of teleportation {!r}, it crumbles to dust.
You feel strangely unstable. The ancient lich casts a spell at you.
The crystal spear hits you!
You die...

#.#######[# #)'.....# #
#)#.....# ..z.. #)#.....#
...# #.#.....#
#..######.#.....#
#..#......#.....#.#
#..#......#.....#.######
##''###8@..'.....#.......
##.....##§[.#.....#.......
#⌠.....§§§..#.....#....###
#⌠..)Z2L§§§.#######....#
#####..)(*##§§............#
##...##''###8..............#
#.....#..#......##########.#
.#.....#..#......# #.#
.......#..######)# #.#


You could see an ancient lich and a lost soul.

Vanquished Creatures
  Boris (Crypt:2)
  A bone dragon (Crypt:3)
  Jorgrun (Vaults:4)
  2 liches (Crypt:3)
  Rupert (D:15)
  A sphinx (Vaults:2)
  Frances (D:14)
  A thorn hunter (Swamp:1)
  7 ancient champions
  Agnes (Spider:1)
  Kirke (Spider:1)
  A storm dragon (Vaults:4)
  3 revenants
  9 vault wardens
  Donald (Swamp:4)
  The ghost of M4edhros the Unseen, an adept OpAr of Fedhas (Swamp:2)
  3 frost giants
  A deep elf sorcerer (D:14)
  2 fire giants
  Louise (Spider:1)
  An orc warlord (Orc:2)
  2 ghost moths
  5 emperor scorpions
  The ghost of Uberwunderbarhen the Basher, a journeyman DsCK of Xom (Swamp:4)
  A curse skull (Crypt:3)
  8 ghouls
  A juggernaut zombie (Crypt:2)
  A war gargoyle (Vaults:4)
  5 stone giants
  12 ironheart preservers
  An apis (shapeshifter) (Vaults:4)
  2 salamander stormcallers
  7 vampire knights
  3 spark wasps (Spider:4)
  Azrael (D:12)
  2 deep elf annihilators
  3 deep elf death magi
  The ghost of pedritolo the Fighter, a journeyman OgCK of Xom (D:12)
  2 eidola
  A crystal guardian (Vaults:4)
  5 vault guards
  3 entropy weavers
  2 ettins
  16 jiangshi
  8 yaktaur captains
  4 fire dragons
  3 great orbs of eyes
  2 quicksilver dragon skeletons (Crypt:2)
  2 ice dragons
  2 ghost crabs
  23 hydras
  2 death knights
  7 centaur warriors
  11 alligators
  10 ogre magi
  A deep troll earth mage (Vaults:3)
  5 death yaks (Lair:7)
  A tengu warrior (D:13)
  The ghost of totalnoob the Tainter, a journeyman DsVM of Sif Muna (Lair:2)
  An alligator (shapeshifter) (Vaults:4)
  An orc high priest (Orc:2)
  7 vampire magi
  A deep troll shaman (Vaults:2)
  Urug (Orc:2)
  2 soul eaters
  2 deep elf knights
  Sonja (D:11)
  2 spectral emperor scorpions (Spider:4)
  A fire crab (Vaults:3)
  A golden dragon zombie (Crypt:3)
  A titan skeleton (Crypt:2)
  A quicksilver dragon simulacrum (Crypt:1)
  A salamander mystic (Vaults:4)
  3 unseen horrors
  9 shadow wraiths
  24 skeletal warriors
  6 spriggan druids
  8 death scarabs (Spider:4)
  15 swamp dragons
  9 flayed ghosts
  8 hill giants
  7 deep trolls
  A giant orange brain (Vaults:3)
  13 ironbrand convokers
  2 shambling mangroves
  2 wizards
  5 deep elf archers
  2 lindwurms (Lair:8)
  19 orc knights
  5 spectral wolf spiders (Spider:4)
  3 necromancers
  9 harpies
  An iron dragon zombie (Crypt:1)
  A sphinx zombie (Crypt:2)
  4 phantasmal warriors
  2 wolf spider zombies (Spider:4)
  26 wolf spiders
  5 deep elf magi
  A manticore (D:9)
  20 ugly things
  5 orc sorcerers
  9 griffons
  16 orb spiders
  A fire giant zombie (D:15)
  A faun (shapeshifter) (Vaults:1)
  12 hornets
  8 cyclopes
  2 frost giant zombies
  9 elephants
  2 moths of wrath (Spider:4)
  2 salamanders (Vaults:4)
  8 black mambas
  12 vault sentinels
  A guardian serpent (Lair:8)
  A stone giant skeleton (Crypt:3)
  3 gargoyles
  2 ice statues (IceCv)
  A spiny frog (shapeshifter) (D:13)
  8 torpor snails
  25 spiny frogs
  A komodo dragon (shapeshifter) (Vaults:4)
  A sea snake zombie (Crypt:2)
  An efreet (Volcano)
  13 komodo dragons
  3 kobold demonologists
  5 spectral redbacks (Spider:4)
  A mottled draconian zombie (Crypt:2)
  7 demonic crawlers
  3 fire drakes
  2 redback zombies
  32 yaktaurs
  An anaconda simulacrum (Crypt:3)
  A mottled draconian skeleton (Crypt:1)
  A troll (shapeshifter) (Vaults:4)
  The ghost of kae the Grappler, a novice VSMo (D:6)
  2 hydra zombies
  A queen bee (shapeshifter) (Vaults:2)
  10 trolls
  28 jumping spiders
  13 giant leeches
  15 freezing wraiths
  A polar bear (Lair:4)
  20 blink frogs
  5 bog bodies
  2 death drake skeletons
  2 spectral jumping spiders (Spider:4)
  5 spectral tarantellas (Spider:4)
  Grinder (D:3)
  A satyr zombie (Crypt:2)
  2 spectral hornets (Spider:4)
  5 boulder beetles
  25 two-headed ogres
  A stone giant simulacrum (Crypt:2)
  14 slime creatures
  3 jumping spider zombies (Spider:4)
  A fire dragon skeleton (D:15)
  5 shadows
  A guardian serpent skeleton (Crypt:1)
  5 spriggans
  A griffon zombie (Crypt:2)
  3 vampires (Crypt:3)
  21 tarantellas
  88 redbacks
  3 flying skulls (Crypt:1)
  2 wyverns
  A human (shapeshifter) (Vaults:3)
  A salamander simulacrum (Vaults:3)
  A basilisk (shapeshifter) (Vaults:1)
  A wind drake zombie (Crypt:3)
  5 wraiths
  4 fire elementals
  65 yaks
  6 basilisks
  12 hippogriffs
  4 hungry ghosts
  37 vampire mosquitoes
  A hill giant skeleton (Crypt:1)
  3 wolves (Lair:4)
  25 swamp worms
  7 wargs
  21 insubstantial wisps
  A mottled dragon (D:14)
  A soldier ant (D:13)
  A spiny frog zombie (Crypt:2)
  5 hell hounds (D:11)
  17 water moccasins
  7 porcupines
  4 sky beasts
  13 swamp drakes
  16 ice beasts
  A spiny frog skeleton (Crypt:3)
  3 eyes of draining (D:5)
  32 orc warriors
  A snapping turtle zombie (Crypt:3)
  18 wasps
  32 ogres
  3 black bears
  4 necrophages
  An elephant skeleton (Crypt:2)
  9 centaurs
  8 big kobolds
  18 crocodiles
  27 giant frogs
  A salamander skeleton (Crypt:1)
  A yaktaur zombie (D:15)
  A wyvern skeleton (D:13)
  A boulder beetle zombie (Crypt:1)
  6 scorpions
  19 killer bees
  A vampire bat (D:9)
  9 wights
  A wolf zombie (Crypt:1)
  An electric eel (Spider:3)
  A yaktaur simulacrum (Vaults:1)
  4 crimson imps
  3 centaur zombies
  6 giant frog zombies
  2 quasits
  16 jellies
  2 hounds
  16 orc priests
  22 orc wizards
  7 centaur skeletons
  12 iguanas
  14 worker ants
  36 sheep
  A hound zombie (Crypt:1)
  A naga skeleton (Crypt:1)
  2 hound skeletons
  A worker ant zombie (D:5)
  18 gnolls
  65 river rats
  19 adders
  A shadow imp (D:13)
  An ooze (Lair:8)
  2 adder skeletons
  2 adder zombies (D:9)
  21 worms
  6 giant geckos
  90 orcs
  26 bats
  2 bat skeletons (D:9)
  2 bat zombies (D:9)
  2 giant cockroaches (D:1)
  11 goblins
  6 hobgoblins
  16 jackals
  6 quokkas
  3 ball pythons
  A giant cockroach zombie (D:5)
  A giant gecko skeleton (Crypt:3)
  5 giant newts
  A goblin skeleton (Crypt:2)
  A hobgoblin zombie (Crypt:3)
  35 kobolds
  A kobold skeleton (Crypt:3)
  An orc simulacrum (Crypt:3)
  10 rats
  A fungus (Lair:5)
  3 lost souls
  2 plants (Lair:8)
1892 creatures vanquished.

Vanquished Creatures (others)
  A soul eater (Crypt:3)
  A jumping spider (Spider:2)
  A redback (Spider:1)
  4 humans (Spider:1)
  An orc wizard (Vaults:1)
  An orc (Orc:2)
  A bush (Lair:7)
  18 fungi
  A lost soul (Crypt:3)
  23 plants
  2 withered plants (D:15)
54 creatures vanquished.

Grand Total: 1946 creatures vanquished

Notes
Turn   | Place    | Note
--------------------------------------------------------------
     0 | D:1      | Gorice the Ghoul Wanderer began the quest for the Orb.
     0 | D:1      | Gorice set off with: a +2 shortbow, 26 arrows, a +0 hand axe, a potion of curing, a +0 robe, a meat ration {!e}
     0 | D:1      | Reached XP level 1. HP: 19/19 MP: 0/0
    35 | D:1      | Reached skill level 3 in Bows
   169 | D:1      | Reached XP level 2. HP: 26/26 MP: 1/1
   713 | D:1      | Reached XP level 3. HP: 29/31 MP: 2/2
   938 | D:2      | Reached skill level 4 in Bows
  1188 | D:1      | Reached XP level 4. HP: 35/38 MP: 3/3
  1662 | D:3      | Noticed Grinder
  1680 | D:3      | Paralysed by Grinder for 2 turns
  1682 | D:3      | Killed Grinder
  1682 | D:3      | Reached skill level 6 in Bows
  1682 | D:3      | Reached XP level 5. HP: 41/45 MP: 4/4
  1682 | D:3      | Reached XP level 6. HP: 46/51 MP: 5/5
  2076 | D:3      | Found a sparkling altar of Nemelex Xobeh.
  2293 | D:4      | Noticed a sky beast
  2313 | D:4      | Killed a sky beast
  2313 | D:4      | Reached skill level 7 in Bows
  2313 | D:4      | Reached XP level 7. HP: 50/57 MP: 6/6
  2547 | D:4      | Found a glowing silver altar of Zin.
  2590 | D:4      | Found Dolixoz's Jewellery Shoppe.
  2704 | D:4      | Found a white marble altar of Elyvilon.
  2719 | D:4      | Found a deep blue altar of Sif Muna.
  2914 | D:4      | Found a deep blue altar of Sif Muna.
  3078 | D:5      | Entered Level 5 of the Dungeon
  3138 | D:5      | Found Emesopp's Book Boutique.
  3208 | D:5      | Found a staircase to the Ecumenical Temple.
  3214 | Temple   | Entered the Ecumenical Temple
  3448 | Temple   | Became a worshipper of Warmaster Okawaru
  3533 | D:5      | Found Quotauma's Assorted Antiques.
  3540 | D:5      | Bought a metallic puce potion for 17 gold pieces
  3540 | D:5      | Bought a scroll of identify for 38 gold pieces
  3619 | D:5      | Found a bloodstained altar of Trog.
  3699 | D:5      | Reached skill level 8 in Bows
  3716 | D:5      | Reached * piety under Okawaru
  3716 | D:5      | Reached XP level 8. HP: 62/62 MP: 0/7
  3754 | D:5      | Found Vath's Magic Scroll Emporium.
  3815 | D:5      | Reached skill level 9 in Bows
  3886 | D:5      | Bought a scroll of identify for 26 gold pieces
  3886 | D:5      | Bought a scroll of identify for 26 gold pieces
  3938 | D:5      | Found Eduilu's General Store.
  4215 | D:5      | Found Wocuthru's General Store.
  4393 | D:5      | Bought a scroll of identify for 26 gold pieces
  4551 | D:6      | Found a stormy altar of Qazlal.
  4567 | D:6      | Found Anuocuca's Food Boutique.
  4746 | D:6      | Found a sacrificial altar of Ru.
  4939 | D:6      | Noticed kae's ghost (novice VSMo)
  4957 | D:6      | Killed kae's ghost
  4957 | D:6      | Reached ** piety under Okawaru
  4957 | D:6      | Reached skill level 10 in Bows
  5011 | D:6      | Reached skill level 1 in Armour
  5011 | D:6      | Reached XP level 9. HP: 46/69 MP: 8/8
  5212 | D:6      | Reached skill level 2 in Armour
  5218 | D:6      | HP: 20/71 [killer bee (3)]
  5389 | D:7      | Reached skill level 4 in Fighting
  5627 | D:7      | Reached skill level 3 in Armour
  6328 | D:7      | Reached *** piety under Okawaru
  6328 | D:7      | Reached skill level 4 in Armour
  6647 | D:7      | Reached skill level 5 in Fighting
  6811 | D:7      | Reached skill level 5 in Armour
  7389 | D:8      | Received a gift from Okawaru
  7644 | D:8      | Reached skill level 6 in Armour
  7751 | D:8      | Reached XP level 10. HP: 83/83 MP: 9/9
  7858 | D:8      | Reached skill level 6 in Fighting
  7884 | D:8      | Reached **** piety under Okawaru
  7935 | D:8      | Noticed a three-headed hydra
  7951 | D:8      | Reached skill level 7 in Armour
  7958 | D:8      | HP: 25/84 [three-headed hydra (10)]
  7964 | D:8      | HP: 25/84 [one-headed hydra (3)]
  7965 | D:8      | Killed a one-headed hydra
  8107 | D:5      | Bought a scroll of recharging for 123 gold pieces
  8281 | D:9      | Reached skill level 7 in Fighting
  8361 | D:9      | Noticed a manticore
  8382 | D:9      | Killed a manticore
  8382 | D:9      | Reached skill level 8 in Armour
  8445 | D:9      | Received a gift from Okawaru
  8454 | D:9      | Found Ucuts's Magic Scroll Emporium.
  8795 | D:9      | Reached skill level 9 in Armour
  8807 | D:9      | Reached ***** piety under Okawaru
  8807 | D:9      | Received a gift from Okawaru
  8825 | D:9      | Reached skill level 8 in Fighting
  8946 | D:9      | Found an ancient bone altar of Kikubaaqudgha.
  8947 | D:9      | Reached XP level 11. HP: 94/94 MP: 10/10
  9306 | D:9      | Found a blossoming altar of Fedhas.
  9522 | D:10     | Entered Level 10 of the Dungeon
  9736 | D:10     | Noticed a hill giant
  9751 | D:10     | Killed a hill giant
  9751 | D:10     | Received a gift from Okawaru
  9789 | D:10     | Reached skill level 10 in Armour
 10438 | D:10     | Reached skill level 9 in Fighting
 10725 | D:11     | Noticed Sonja
 10739 | D:11     | Killed Sonja
 10739 | D:11     | Received a gift from Okawaru
 10739 | D:11     | Received a gift from Okawaru
 11091 | D:11     | Got a transparent whip
 11159 | D:11     | Noticed a purple ugly thing
 11178 | D:11     | Killed a purple ugly thing
 11178 | D:11     | Reached skill level 11 in Armour
 11259 | D:11     | Found a staircase to the Lair.
 11381 | D:11     | Noticed a hill giant
 11387 | D:11     | Killed a hill giant
 11421 | D:11     | Reached ****** piety under Okawaru
 11519 | D:11     | Found a staircase to the Orcish Mines.
 11711 | D:11     | Reached skill level 10 in Fighting
 11948 | D:11     | Reached XP level 12. HP: 50/106 MP: 11/11
 12014 | Lair:1   | Entered Level 1 of the Lair of Beasts
 12381 | Lair:1   | Received a gift from Okawaru
 12831 | Lair:1   | Reached skill level 12 in Armour
 13010 | Lair:2   | Received a gift from Okawaru
 13011 | Lair:2   | Got a crude longbow {god gift}
 13012 | Lair:2   | Identified the +1 longbow "Cuzuk" {flame, rElec SInv} (Okawaru gifted it to you on level 2 of the Lair of Beasts)
 13096 | Lair:2   | Noticed totalnoob's ghost (journeyman DsVM)
 13123 | Lair:2   | Killed totalnoob's ghost
 13123 | Lair:2   | Reached skill level 1 in Dodging
 13196 | Lair:2   | HP: 32/107 [spiny frog (8)]
 13651 | Lair:2   | Reached skill level 2 in Dodging
 13872 | Lair:2   | Noticed a seven-headed hydra
 13897 | Lair:2   | Killed a seven-headed hydra
 14272 | Lair:3   | Reached skill level 11 in Fighting
 14285 | Lair:3   | Reached skill level 3 in Dodging
 14354 | Lair:3   | Found a hole to the Spider Nest.
 14367 | Lair:3   | HP: 27/110 [jumping spider (11)]
 14415 | Lair:3   | HP: 31/110 [river rat (3)]
 14429 | Lair:3   | HP: 29/110 [jumping spider (1)]
 14434 | Lair:3   | HP: 23/110 [river rat (1)]
 14443 | Lair:2   | Reached skill level 11 in Bows
 14446 | Lair:2   | HP: 22/110 [river rat (3)]
 14452 | Lair:2   | HP: 14/110 [river rat (5)]
 14588 | Lair:3   | Received a gift from Okawaru
 14772 | Lair:3   | Found a dark tunnel.
 14779 | Lair:3   | Upgraded the game from 0.18-a0-1160-geb89fc2 to 0.18-a0-1164-g7046a04
 14786 | Volcano  | Entered a volcano
 14885 | Volcano  | Reached skill level 4 in Dodging
 15667 | Lair:1   | Noticed a seven-headed hydra
 15675 | Lair:1   | Killed a seven-headed hydra
 15675 | Lair:1   | Received a gift from Okawaru
 15675 | Lair:1   | Reached XP level 13. HP: 96/117 MP: 9/12
 15829 | Lair:4   | Identified Talaedir's Guide on Flying Toxins
 16105 | Lair:4   | Reached skill level 5 in Dodging
 16161 | Lair:4   | Reached skill level 12 in Fighting
 17039 | Lair:5   | Received a gift from Okawaru
 17321 | Lair:5   | Received a gift from Okawaru
 17344 | Lair:5   | Reached skill level 6 in Dodging
 17427 | Lair:5   | Reached skill level 12 in Bows
 17515 | Lair:5   | Reached skill level 1 in Long Blades
 17840 | Lair:5   | Reached skill level 2 in Long Blades
 18538 | Lair:5   | Reached skill level 3 in Long Blades
 18730 | Lair:5   | Received a gift from Okawaru
 18787 | Lair:5   | Reached skill level 4 in Long Blades
 19058 | Lair:6   | Received a gift from Okawaru
 19068 | Lair:6   | Reached skill level 7 in Dodging
 19077 | Lair:6   | Reached skill level 13 in Fighting
 19090 | Lair:6   | Got a pitted longbow {god gift}
 19091 | Lair:6   | Identified the +6 longbow of Premature Burial {venom, rPois MR++} (Okawaru gifted it to you on level 6 of the Lair of Beasts)
 19160 | Lair:6   | Reached XP level 14. HP: 129/129 MP: 13/13
 19207 | Lair:6   | Reached skill level 5 in Long Blades
 19242 | Lair:6   | Found a staircase to the Swamp.
 20394 | Lair:7   | Reached skill level 6 in Long Blades
 20626 | Lair:7   | Received a gift from Okawaru
 20707 | Lair:7   | HP: 30/128 [death yak (13)]
 20908 | Lair:7   | Found a sparkling altar of Nemelex Xobeh.
 21118 | Lair:7   | Reached skill level 7 in Long Blades
 21200 | Lair:7   | Reached skill level 8 in Dodging
 21540 | Lair:8   | Entered Level 8 of the Lair of Beasts
 21661 | Lair:8   | Received a gift from Okawaru
 21715 | Lair:8   | Got a jewelled ring mail
 21748 | Lair:8   | Found a frozen archway.
 21971 | Lair:8   | Identified the +1 ring mail of Resourcefulness {+Blink Str+2} (You found it on level 8 of the Lair of Beasts)
 21984 | IceCv    | Entered an ice cave
 22062 | IceCv    | Reached skill level 8 in Long Blades
 22066 | IceCv    | HP: 21/130 [ice statue/shard of ice (20)]
 22073 | IceCv    | HP: 37/129 [ice beast[an ice statue] (1)]
 22084 | IceCv    | Got an ichor-stained gold dragon armour
 22127 | IceCv    | Identified the +9 gold dragon armour of Disguise {*Corrode rPois rF+ rC+ Str+9 Int+2 Dex-3} (You found it in an ice cave)
 22297 | Lair:8   | Found a staircase to the Slime Pits.
 23080 | Lair:8   | Identified a +2 rod of inaccuracy (14/14) (You found it on level 8 of the Lair of Beasts)
 23402 | Lair:8   | Reached skill level 14 in Fighting
 23545 | Lair:8   | Reached XP level 15. HP: 130/138 MP: 12/14
 23779 | Lair:8   | Found a runed door.
 23783 | Lair:8   | Reached skill level 9 in Long Blades
 23849 | Lair:8   | Received a gift from Okawaru
 23849 | Lair:8   | Reached skill level 9 in Dodging
 24530 | Orc:1    | Entered Level 1 of the Orcish Mines
 24538 | Orc:1    | Found a roughly hewn altar of Beogh.
 24846 | Orc:1    | Received a gift from Okawaru
 24865 | Orc:2    | Entered Level 2 of the Orcish Mines
 25478 | Orc:2    | Noticed an orc warlord
 25509 | Orc:2    | Received a gift from Okawaru
 25527 | Orc:2    | Killed an orc warlord
 25697 | Orc:2    | Noticed Urug
 25756 | Orc:2    | HP: 41/139 [Urug/great mace of holy wrath (3)]
 25759 | Orc:2    | Killed Urug
 25866 | Orc:2    | Received a gift from Okawaru
 25869 | Orc:2    | Reached skill level 10 in Long Blades
 25872 | Orc:2    | Got an iridescent longbow {god gift}
 25908 | Orc:2    | Identified the +6 longbow of Light {freeze, *Confuse +Fly rF+++} (Okawaru gifted it to you on level 2 of the Orcish Mines)
 25927 | Orc:2    | Found a roughly hewn altar of Beogh.
 26072 | Orc:2    | Found Hakof's Antique Weapon Boutique.
 26093 | Orc:2    | Found Rojy's General Store.
 26099 | Orc:2    | Found Qoism's Antique Armour Boutique.
 26106 | Orc:2    | Found Ceqoptea's Book Boutique.
 26114 | Orc:2    | Found a staircase to the Elven Halls.
 26409 | Orc:2    | Paralysed by an orc sorcerer for 3 turns
 26574 | Orc:2    | Bought a potion of heal wounds for 75 gold pieces
 26729 | D:12     | Noticed Azrael
 26856 | D:12     | HP: 26/139 [Azrael/blast of hellfire (34)]
 26861 | D:12     | HP: 28/139 [burnt (2)]
 27318 | D:12     | Noticed pedritolo's ghost (journeyman OgCK)
 27335 | D:12     | Killed pedritolo's ghost
 27761 | D:12     | Killed Azrael
 28191 | D:13     | Received a gift from Okawaru
 28191 | D:13     | Reached skill level 10 in Dodging
 28192 | D:13     | Got a brightly glowing triple sword {god gift}
 28214 | D:13     | Identified the +1 triple sword of Mimizol {elec, *Contam Str+4 SInv} (Okawaru gifted it to you on level 13 of the Dungeon)
 29138 | D:13     | Reached skill level 11 in Long Blades
 29501 | D:14     | Reached skill level 15 in Fighting
 29578 | D:14     | Found a gate to the Vaults.
 29610 | D:14     | Reached XP level 16. HP: 149/149 MP: 15/15
 29814 | D:14     | Noticed Frances
 29840 | D:14     | Killed Frances
 30410 | D:15     | Entered Level 15 of the Dungeon
 30491 | D:15     | Reached skill level 12 in Long Blades
 30538 | D:15     | Received a gift from Okawaru
 30641 | D:15     | Found a staircase to the Depths.
 31028 | D:15     | Noticed Rupert
 31062 | D:15     | Killed Rupert
 31062 | D:15     | Reached skill level 13 in Long Blades
 31602 | D:15     | Received a gift from Okawaru
 32209 | Spider:1 | Entered Level 1 of the Spider Nest
 32237 | Spider:1 | Noticed Kirke
 32251 | Spider:1 | Killed Kirke
 32448 | Spider:1 | Reached skill level 14 in Long Blades
 32585 | Spider:1 | Reached skill level 1 in Invocations
 32634 | Spider:1 | Noticed Roxanne
 32759 | Spider:1 | Noticed Louise
 32768 | Spider:1 | Reached skill level 1 in Evocations
 32941 | Spider:1 | Killed Louise
 32941 | Spider:1 | Reached skill level 2 in Invocations
 33009 | Spider:1 | Reached skill level 2 in Evocations
 33249 | Spider:1 | Reached skill level 3 in Invocations
 33379 | Spider:1 | Reached skill level 3 in Evocations
 33451 | Spider:1 | Noticed Agnes
 33459 | Spider:1 | Reached skill level 4 in Invocations
 33474 | Spider:1 | Killed Agnes
 33474 | Spider:1 | Reached XP level 17. HP: 54/156 MP: 9/19
 33513 | Spider:1 | --Damn just raised LBs to 14 and Agie has a +3 laj of speed!
 33647 | Spider:1 | Upgraded the game from 0.18-a0-1164-g7046a04 to 0.18-a0-1171-ga8e22e7
 33687 | Spider:2 | Reached skill level 4 in Evocations
 34009 | Spider:2 | Reached skill level 5 in Invocations
 34708 | Spider:2 | Received a gift from Okawaru
 34710 | Spider:2 | Reached skill level 5 in Evocations
 35278 | Spider:2 | Reached skill level 6 in Invocations
 35608 | Spider:3 | Reached skill level 6 in Evocations
 35697 | Spider:3 | Reached skill level 7 in Invocations
 36417 | Spider:4 | Entered Level 4 of the Spider Nest
 36642 | Spider:4 | Reached skill level 8 in Invocations
 36725 | Spider:4 | Reached skill level 7 in Evocations
 37310 | Spider:4 | Received a gift from Okawaru
 37357 | Spider:4 | Got a pitted cloak {god gift}
 37379 | Spider:4 | Identified the +0 cloak "Hiaguk" {Int+7} (Okawaru gifted it to you on level 4 of the Spider Nest)
 37443 | Spider:4 | Reached skill level 8 in Evocations
 37812 | Spider:4 | Reached XP level 18. HP: 115/163 MP: 17/23
 37915 | Spider:4 | HP: 47/163 [redback (5)]
 38372 | Spider:4 | Reached skill level 13 in Bows
 38388 | Spider:4 | Reached skill level 9 in Evocations
 38764 | Spider:4 | Got a gossamer rune of Zot
 39365 | Swamp:1  | Entered Level 1 of the Swamp
 40553 | Swamp:1  | Reached skill level 10 in Evocations
 40838 | Swamp:2  | Received a gift from Okawaru
 40989 | Swamp:2  | Noticed M4edhros's ghost (adept OpAr)
 41027 | Swamp:2  | Killed M4edhros's ghost
 41777 | Swamp:3  | Reached skill level 14 in Bows
 42352 | Swamp:3  | Received a gift from Okawaru
 42375 | Swamp:4  | Entered Level 4 of the Swamp
 42618 | Swamp:4  | Noticed Uberwunderbarhen's ghost (journeyman DsCK)
 42663 | Swamp:4  | Killed Uberwunderbarhen's ghost
 42710 | Swamp:4  | Noticed Donald
 42724 | Swamp:4  | Killed Donald
 43171 | Swamp:4  | Reached skill level 13 in Armour
 43171 | Swamp:4  | Reached XP level 19. HP: 139/170 MP: 21/25
 43866 | Swamp:4  | Got a decaying rune of Zot
 44000 | Swamp:4  | Reached skill level 15 in Bows
 44439 | Vaults:1 | Entered Level 1 of the Vaults
 44468 | Vaults:1 | Found Kaapyn's Armour Emporium.
 44765 | Vaults:1 | Received a gift from Okawaru
 45777 | Vaults:1 | Reached skill level 11 in Evocations
 46370 | Vaults:1 | Reached skill level 14 in Armour
 47441 | Vaults:2 | Received a gift from Okawaru
 47802 | Vaults:2 | Reached skill level 12 in Evocations
 47874 | Vaults:2 | HP: 50/169 [orc knight/uncursed great sword (13)]
 47875 | Vaults:2 | Reached XP level 20. HP: 52/177 MP: 14/28
 47879 | Vaults:2 | HP: 52/177 [yaktaur[a yaktaur captain] (1)]
 48141 | Vaults:2 | Found Caoch's Gadget Boutique.
 48564 | Vaults:2 | Upgraded the game from 0.18-a0-1171-ga8e22e7 to 0.18-a0-1180-g64ccc1e
 48955 | Vaults:2 | Reached skill level 15 in Armour
 49804 | Vaults:3 | Reached skill level 13 in Evocations
 49966 | Vaults:3 | HP: 52/177 [vault warden/halberd of chopping (4)]
 49969 | Vaults:3 | Received a gift from Okawaru
 50199 | Vaults:3 | Received a gift from Okawaru
 50551 | Vaults:3 | Found a staircase to the Crypt.
 50586 | Vaults:3 | Received a gift from Okawaru
 50895 | Vaults:3 | Received a gift from Okawaru
 51237 | Vaults:4 | Received a gift from Okawaru
 51583 | Vaults:4 | Reached skill level 16 in Armour
 51686 | Vaults:4 | Found an iron altar of Okawaru.
 51691 | Vaults:4 | Reached skill level 14 in Evocations
 51886 | Vaults:4 | Reached XP level 21. HP: 84/184 MP: 17/30
 52004 | Vaults:4 | Found Liusiah's Antique Weapon Shoppe.
 52423 | Vaults:4 | Found Xetoe's Antique Armour Shop.
 52483 | Vaults:4 | Noticed Jorgrun
 52658 | Vaults:4 | Received a gift from Okawaru
 52684 | Vaults:4 | Reached skill level 11 in Dodging
 52899 | Vaults:4 | Killed Jorgrun
 52918 | Vaults:4 | Received a gift from Okawaru
 52923 | Vaults:4 | HP: 48/184 [yaktaur captain (25)]
 52933 | Vaults:4 | HP: 53/184 [stone giant/large rock (6)]
 53121 | Vaults:4 | HP: 52/184 [salamander/halberd (5)]
 53228 | Vaults:4 | Received a gift from Okawaru
 53471 | Vaults:4 | Bought a glowing double sword for 630 gold pieces
 53474 | Vaults:4 | Bought a glowing great sword for 273 gold pieces
 53617 | Vaults:4 | Received a gift from Okawaru
 53655 | Vaults:4 | Got a crystal triple sword {god gift}
 53656 | Vaults:4 | Identified the +3 triple sword of Bile {speed, rC+ MR+ Stlth+} (Okawaru gifted it to you on level 4 of the Vaults)
 53657 | Vaults:4 | --Now that's a triple sword!
 53723 | Vaults:4 | Reached skill level 15 in Evocations
 54209 | Crypt:1  | Entered Level 1 of the Crypt
 55271 | Crypt:1  | Reached skill level 12 in Dodging
 55684 | Crypt:1  | HP: 31/179 [revenant/dispel undead (48)]
 55689 | Crypt:1  | HP: 7/184 [revenant/dispel undead (38)]
 56073 | Crypt:1  | Upgraded the game from 0.18-a0-1180-g64ccc1e to 0.18-a0-1186-gd02dc51
 56354 | Crypt:2  | Received a gift from Okawaru
 56584 | Crypt:2  | Received a gift from Okawaru
 57322 | Crypt:2  | Received a gift from Okawaru
 57332 | Crypt:2  | Noticed Boris
 57332 | Crypt:2  | Reached XP level 22. HP: 166/189 MP: 28/32
 57366 | Crypt:2  | HP: 45/189 [Boris/iron shot (41)]
 57367 | Crypt:2  | Killed Boris
 57367 | Crypt:2  | Received a gift from Okawaru
 57367 | Crypt:2  | Reached skill level 15 in Long Blades
 57656 | Crypt:2  | Reached skill level 13 in Dodging
 57866 | Crypt:2  | Received a gift from Okawaru
 58148 | Crypt:3  | Entered Level 3 of the Crypt
 59275 | Crypt:3  | Reached skill level 14 in Dodging
 59593 | Crypt:3  | Reached skill level 16 in Long Blades
 59600 | Crypt:3  | Received a gift from Okawaru
 59718 | Crypt:3  | Noticed an ancient lich
 59733 | Crypt:3  | HP: 41/187 [ancient lich/crystal spear (69)]
 59737 | Crypt:3  | Killed from afar by an ancient lich

Vault maps used:
D:1:      dpeg_arrival_rooms_b
D:2:      nicolae_overflow_hidden_temple
D:3:      st_stairs_4, nemelex_diamond_rough_becter, uniq_grinder
D:4:      kennysheep_mini, overflow_temple_1_default,
          lemuel_coloured_pillars_altar, first_bread, serial_shops, shop,
          led_sif_pool
D:5:      trog_eyes_of_draining, minmay_temple_entry_hall, serial_shops, shop,
          shop, shop, shop, kennysheep_mini_moat, serial_glass, glass_columns_b,
          glass_columns_a
D:6:      grunt_qazlal_sundering, nicolae_ru_great_annihilating_truth,
          serial_shops, nicolae_shop_statue_plus, serial_glass, glass_columns_b,
          glass_columns_c
D:8:      hangedman_ranch
D:9:      kennysheep_vampire_church, marbit_many_paths, serial_shops, shop,
          minmay_misc_feat_room, grunt_ministairs_9
D:10:     lemuel_flame_loot_2, kennysheep_minor_cross,
          hangedman_abyss_or_decor_slice, lemuel_old_faithful
D:11:     grunt_lair_entry_orc_guard_hut, orc_0_dummy, uniq_sonja
D:12:     uniq_azrael
D:14:     david_vaults_2, serial_bayou_pond_c, lemuel_flamethrower_3,
          uniq_frances
D:15:     gammafunk_depths_entry_grave, hex_tiny, uniq_urug, uniq_rupert
Temple:   triangle_lava_temple_11
Lair:3:   spider_nest_entry_a, nicolae_volcano_entry_s_turn
Lair:4:   grunt_forest_stairs_clearing, serial_bayou_shore_b
Lair:5:   kennysheep_basilisk_garden
Lair:6:   swamp_mist_pool, serial_bayou_ford_a
Lair:7:   lemuel_oklob_altar, infiniplex_staircase_pool_2, grunt_megastairs_2
Lair:8:   wormcave, hangedman_lair_tendril_chambers,
          minmay_slime_entry_jelly_boxes, portal_ice_cave_entry_ice_beasts
Swamp:1:  evilmike_swamp_ruin_house_5
Swamp:2:  evilmike_swamp_ruin_house_4, swamp_pool1
Swamp:3:  serial_swamp_ruin, hangedman_swamp_ruin_wall,
          evilmike_swamp_ruin_rubble_1, evilmike_swamp_ruin_house_6, swamp_pool2
Swamp:4:  swamp, swamp_pool3, uniq_donald
Spider:1: uniq_louise, uniq_agnes, uniq_roxanne, uniq_kirke
Spider:4: floodkiller_spider_rune_tomb
Orc:1:    basic_altar
Orc:2:    grunt_orc_cross
Vaults:1: nicolae_vaults_lopsided_apartments, v_misc_2, hangedman_vaults_stream,
          grunt_vaults_twisty, grunt_vaults_diagonal, v_misc_3, serial_shops,
          shop
Vaults:2: vaults_room_fours, nicolae_vaults_circle_grid_a,
          nicolae_vaults_alarming, hangedman_vaults_stagger,
          ontoclasm_vaults_shout, nicolae_vaults_little_ls,
          hangedman_vaults_slice, ontoclasm_vaults_ring_small, v_rooms_3,
          v_rooms_1, serial_shops, shop
Vaults:3: hangedman_vaults_restitches, minmay_crypt_entry_simple_statues,
          ontoclasm_vaults_shuriken, grunt_vaults_focal, grunt_vaults_swirl,
          vaults_room_door_hall, nicolae_vaults_what_the_h,
          hangedman_vaults_snaps, nicolae_vaults_big_ls,
          nicolae_vaults_big_angled_halls, vaults_room_hallway
Vaults:4: v_alt_pattern_2, nicolae_vaults_triangles, v_misc_29,
          vaults_room_mumra_shop_pool, v_misc_30, hangedman_vaults_unwind,
          vaults_room_fours, ontoclasm_vaults_ring_large, vaults_room_grid,
          vaults_dpeg_hooks, basic_altar, serial_shops, shop_statue,
          uniq_jorgrun
Crypt:2:  lemuel_elevator, uniq_boris
Crypt:3:  lightli_unholy_cathedral
IceCv:    ice_cave_statue_garden_01
Volcano:  volcano_overflow

Action                   |  1- 3 |  4- 6 |  7- 9 | 10-12 | 13-15 | 16-18 | 19-21 | 22-24 || total
-------------------------+-------+-------+-------+-------+-------+-------+-------+-------++-------
Melee: Hand axe          |    42 |    50 |   219 |       |       |       |       |       ||   311
       Falchion          |       |       |       |   232 |       |       |       |       ||   232
       Shortbow          |       |       |       |     1 |       |       |       |       ||     1
       Scimitar          |       |       |       |    21 |  1543 |  1118 |   742 |       ||  3424
       Longbow           |       |       |       |       |     4 |       |     3 |       ||     7
       Triple sword      |       |       |       |       |       |       |   396 |   398 ||   794
       Great sword       |       |       |       |       |       |       |     2 |       ||     2
 Fire: Shortbow          |    69 |    71 |   446 |   808 |       |       |       |       ||  1394
       Blowgun           |       |     2 |    27 |     4 |       |       |       |       ||    33
       Longbow           |       |       |       |   208 |   563 |  1002 |  1340 |   130 ||  3243
Throw: Tomahawk          |       |       |     5 |       |       |       |       |       ||     5
       Stone             |       |       |     1 |       |       |       |       |       ||     1
       Throwing net      |       |       |       |       |       |     2 |       |       ||     2
Invok: Heroism           |       |       |       |     6 |     9 |    12 |     4 |     3 ||    34
Evoke: Wand              |       |       |     1 |     5 |       |     2 |     3 |       ||    11
  Use: Scroll            |     5 |     2 |    12 |    16 |    11 |     5 |     3 |     1 ||    55
       Potion            |       |       |       |       |     2 |       |       |       ||     2
  Eat: Chunk             |    12 |     8 |    35 |   128 |   277 |   216 |   223 |     4 ||   903
       Meat ration       |       |       |       |       |       |       |     1 |     1 ||     2
       Pizza             |       |       |       |       |       |       |     1 |       ||     1

Table legend:
 A = Turns spent in this place as a percentage of turns spent in the entire game.
 B = Non-inter-level travel turns spent in this place as a percentage of non-inter-level travel turns spent in the entire game.
 C = Inter-level travel turns spent in this place as a percentage of turns spent in this place.
 D = Turns resting spent in this place as a percentage of non-inter-level travel turns spent in this place.
 E = Turns spent auto-exploring this place as a percentage of non-inter-level travel turns spent in this place.
 F = Non-inter-level travel turns spent in this place divided by the number of levels of this place that you've seen.
                   A       B       C       D       E      F
               +-------+-------+-------+-------+-------+----------------------
         Total | 100.0 | 100.0 |   0.4 |   0.5 |   2.6 | 695.0
       Dungeon |  27.4 |  27.4 |   0.5 |   0.4 |   3.7 | 546.1
        Temple |   0.1 |   0.1 |   0.0 |   0.0 |  24.2 |  33.0
          Lair |  21.8 |  21.8 |   0.7 |   0.2 |   2.2 | 813.9
         Swamp |   8.9 |   8.9 |   0.3 |   0.2 |   2.4 | 664.5
   Spider Nest |  11.2 |  11.2 |   0.2 |   0.6 |   2.1 | 837.2
  Orcish Mines |   5.0 |   5.1 |   0.2 |   0.7 |   1.0 | 756.0
        Vaults |  16.2 |  16.2 |   0.4 |   0.4 |   2.5 | 1209.8
         Crypt |   8.2 |   8.2 |   0.1 |   1.9 |   2.0 | 816.7
      Ice Cave |   0.4 |   0.4 |   0.0 |   0.0 |   0.0 | 117.0
       Volcano |   0.8 |   0.8 |   0.0 |   0.0 |   0.0 | 226.0
               +-------+-------+-------+-------+-------+----------------------

Vault maps used:
D:1:      dpeg_arrival_rooms_b
D:2:      nicolae_overflow_hidden_temple
D:3:      st_stairs_4, nemelex_diamond_rough_becter, uniq_grinder
D:4:      kennysheep_mini, overflow_temple_1_default,
          lemuel_coloured_pillars_altar, first_bread, serial_shops, shop,
          led_sif_pool
D:5:      trog_eyes_of_draining, minmay_temple_entry_hall, serial_shops, shop,
          shop, shop, shop, kennysheep_mini_moat, serial_glass, glass_columns_b,
          glass_columns_a
D:6:      grunt_qazlal_sundering, nicolae_ru_great_annihilating_truth,
          serial_shops, nicolae_shop_statue_plus, serial_glass, glass_columns_b,
          glass_columns_c
D:8:      hangedman_ranch
D:9:      kennysheep_vampire_church, marbit_many_paths, serial_shops, shop,
          minmay_misc_feat_room, grunt_ministairs_9
D:10:     lemuel_flame_loot_2, kennysheep_minor_cross,
          hangedman_abyss_or_decor_slice, lemuel_old_faithful
D:11:     grunt_lair_entry_orc_guard_hut, orc_0_dummy, uniq_sonja
D:12:     uniq_azrael
D:14:     david_vaults_2, serial_bayou_pond_c, lemuel_flamethrower_3,
          uniq_frances
D:15:     gammafunk_depths_entry_grave, hex_tiny, uniq_urug, uniq_rupert
Temple:   triangle_lava_temple_11
Lair:3:   spider_nest_entry_a, nicolae_volcano_entry_s_turn
Lair:4:   grunt_forest_stairs_clearing, serial_bayou_shore_b
Lair:5:   kennysheep_basilisk_garden
Lair:6:   swamp_mist_pool, serial_bayou_ford_a
Lair:7:   lemuel_oklob_altar, infiniplex_staircase_pool_2, grunt_megastairs_2
Lair:8:   wormcave, hangedman_lair_tendril_chambers,
          minmay_slime_entry_jelly_boxes, portal_ice_cave_entry_ice_beasts
Swamp:1:  evilmike_swamp_ruin_house_5
Swamp:2:  evilmike_swamp_ruin_house_4, swamp_pool1
Swamp:3:  serial_swamp_ruin, hangedman_swamp_ruin_wall,
          evilmike_swamp_ruin_rubble_1, evilmike_swamp_ruin_house_6, swamp_pool2
Swamp:4:  swamp, swamp_pool3, uniq_donald
Spider:1: uniq_louise, uniq_agnes, uniq_roxanne, uniq_kirke
Spider:4: floodkiller_spider_rune_tomb
Orc:1:    basic_altar
Orc:2:    grunt_orc_cross
Vaults:1: nicolae_vaults_lopsided_apartments, v_misc_2, hangedman_vaults_stream,
          grunt_vaults_twisty, grunt_vaults_diagonal, v_misc_3, serial_shops,
          shop
Vaults:2: vaults_room_fours, nicolae_vaults_circle_grid_a,
          nicolae_vaults_alarming, hangedman_vaults_stagger,
          ontoclasm_vaults_shout, nicolae_vaults_little_ls,
          hangedman_vaults_slice, ontoclasm_vaults_ring_small, v_rooms_3,
          v_rooms_1, serial_shops, shop
Vaults:3: hangedman_vaults_restitches, minmay_crypt_entry_simple_statues,
          ontoclasm_vaults_shuriken, grunt_vaults_focal, grunt_vaults_swirl,
          vaults_room_door_hall, nicolae_vaults_what_the_h,
          hangedman_vaults_snaps, nicolae_vaults_big_ls,
          nicolae_vaults_big_angled_halls, vaults_room_hallway
Vaults:4: v_alt_pattern_2, nicolae_vaults_triangles, v_misc_29,
          vaults_room_mumra_shop_pool, v_misc_30, hangedman_vaults_unwind,
          vaults_room_fours, ontoclasm_vaults_ring_large, vaults_room_grid,
          vaults_dpeg_hooks, basic_altar, serial_shops, shop_statue,
          uniq_jorgrun
Crypt:2:  lemuel_elevator, uniq_boris
Crypt:3:  lightli_unholy_cathedral
IceCv:    ice_cave_statue_garden_01
Volcano:  volcano_overflow
